AoeStats
← Kenny

Oasis

508070251Analyzed
2v2 RM · 13d ago on Sep 20, 2026· 39m 19s· 4 players
Game mode
Random Map
Map size
Medium (4 player)
Population
200
Speed
Normal
Resources
Standard
Victory
Conquest
Starting age
Dark Age
Ending age
Imperial Age
RankedLock teamsTeams togetherTeam positionsShared explorationLock speedFull tech treeHidden civsTurbo modeCheats
Victory
Defeat
🇦🇷 Japanese · Argentina
912
+10
🇦🇷 Spanish · Argentina
699
+18
🇫🇷 Goths · France
775
-15
🇫🇷 Mongols · France
747
-13
zalrGmK
7:57 Loom
9:43 Feudal Age
10:40 Double-Bit Axe
15:25 Scale Barding Armor
15:36 Gold Mining
15:54 Town Watch
16:37 Scale Mail Armor
16:55 Forging
19:20 Horse Collar
21:44 Castle Age
21:05 Padded Archer Armor
20:56 Fletching
21:02 Stone Mining
23:35 Pikeman
The Rock 49
0:34 Loom
12:36 Feudal Age
18:09 Castle Age
15:56 Town Watch
18:03 Man-at-Arms
19:05 Squires
28:03 Long Swordsman
29:05 Double-Bit Axe
29:12 Horse Collar
37:56 Murder Holes
37:53 Heated Shot
38:24 Ballistics
Kenny
12:17 Feudal Age
17:00 Castle Age
15:02 Loom
16:17 Double-Bit Axe
16:26 Gold Mining
16:22 Horse Collar
23:51 Scale Mail Armor
29:50 Forging
Güemes ⚔
5:33 Loom
9:46 Feudal Age
14:20 Double-Bit Axe
15:03 Horse Collar
21:01 Man-at-Arms
29:34 Fletching
31:47 Forging
31:37 Scale Mail Armor
35:46 Castle Age
35:54 Long Swordsman
37:05 Gambesons
38:03 Iron Casting
37:43 Chain Mail Armor
38:45 Heavy Plow
39:55 Bow Saw
Connection lost

Rejoining the realm…

Still unreachable

The connection could not be restored.

Session expired

The server has moved on; the page needs a fresh start.